 Dungeon Crawl Stone Soup version 0.31.0-11-ge490571c62 (webtiles) character file.

Game seed: 3639972866884104413

48 qw the Shooter (level 3, 0/18 HPs)
             Began as a Spriggan Hunter on Feb 4, 2024.
             Succumbed to their own poison gas
             ... on level 2 of the Dungeon.
             The game lasted 00:00:04 (1243 turns).

qw the Shooter (Spriggan Hunter)                    Turns: 1243, Time: 00:00:05

Health: 0/18       AC:  2    Str:  7    XL:     3   Next: 50%
Magic:  4/4        EV: 19    Int: 10    God:
Gold:   98         SH:  0    Dex: 20    Spells: 2/2 levels left

rFire   . . .        a - +1 shortbow
rCold   . . .        (shield currently unavailable)
rNeg    . . .        c - +0 robe
rPois   .            (helmet restricted)
rElec   .            (no cloak)
rCorr   .            (gloves unavailable)
SInv    +            (boots unavailable)
Will    +....        f - amulet of faith
Stlth   ++           (no ring)
HPRegen 0.23/turn    (no ring)
MPRegen 0.09/turn

%: faith
@: mighty, lethally poisoned (0 -> -10), attractive, enlightened, flying, very
quick
A: very small, no large weapons, unfitting armour, see invisible, speed 3
a: no special abilities


You were on level 2 of the Dungeon.
You visited 1 branch of the dungeon, and saw 2 of its levels.

You collected 98 gold pieces.


Innate Abilities, Weirdness & Mutations

You are very small and have problems with some larger weapons.
You are too small for most types of armour.
You have supernaturally acute eyesight. (SInv)
You cover ground extremely quickly. (Speed+++)


   Skills:
 - Level 1.5 Fighting
 + Level 4.8 Ranged Weapons
 - Level 4.0 Dodging
 - Level 1.5 Stealth


You had 2 spell levels left.
You didn't know any spells.
Your spell library was empty.

Inventory:

Hand Weapons
 a - a +1 shortbow (weapon)
Armour
 c - a +0 robe (worn)
Jewellery
 f - an amulet of faith (around neck)
Potions
 d - a potion of haste
 e - a potion of enlightenment
 h - a potion of heal wounds
 j - a potion of might

Dungeon Overview and Level Annotations

Branches:
Dungeon (2/15)

Altars:


Message History

1234 ||| DRINKING 2 metallic orange potions.
It was a potion of enlightenment.
You feel very buoyant.
You fly up into the air.
Done exploring.
1235 ||| DRINKING 4 golden potions.
It was a potion of attraction.
You feel attractive to monsters.
Done exploring.
1236 ||| DRINKING 2 brown potions.
It was a potion of might.
You feel very mighty all of a sudden.
Done exploring.
1237 ||| DROPPING 3 scrolls of poison.
You drop 3 scrolls of poison.
Done exploring.
1238 ||| DROPPING 3 potions of attraction.
You drop 3 potions of attraction.
Done exploring.
What level of the Dungeon? (default 2, ? - help) Sorry, I don't know how to get there.
Enter note:
Enter note:
Enter note:
Enter note:
Enter note:
Enter note:
Enter note:
Enter note:
Enter note: You are engulfed in poison gas.
You are lethally poisoned!
You feel very sick.
1240 ||| Stepping ~*~*~tactically~*~*~ (cloud).
You feel very sick.
Things that are here:
3 potions of attraction; 3 scrolls of poison
There is a lethal amount of poison in your body!
You feel very sick.
There is a lethal amount of poison in your body!
You feel very sick.
There is a lethal amount of poison in your body!
You die...

#.#....#.......#
#...>##.#
#........<.....#
#.....#.#
#..##..#.......#
#.....#.#
#..##..#.......#
#.....#.#
.......#.......#
#....##.#
##.#############
#)......# .......##
###.#####
##..#.#.########## #.#
##.......0¤¤..¤¤@# #.#
###.#.#.########0####.#
####..%## #00....#
......## ########
#.##### .#.# #.####
.....# ..##.#


There were no monsters in sight!

Vanquished Creatures
  An adder (D:2)
  A dart slug (D:2)
  6 bats
  A bat skeleton (D:2)
  5 goblins
  5 hobgoblins (D:1)
  2 quokkas (D:2)
  5 ball pythons
  2 frilled lizards (D:1)
  A kobold (D:2)
  7 rats
36 creatures vanquished.

Notes
Turn   | Place    | Note
-------+----------+-------------------------------------------
     0 | D:1      | qw the Spriggan Hunter began the quest for the Orb.
     0 | D:1      | Reached XP level 1. HP: 10/10 MP: 2/2
     0 | D:1      | 0 ||| qw: Version: 0.3-a-160-g6735b56
     0 | D:1      | 0 ||| qw: Game counter: 5504
     0 | D:1      | 0 ||| qw: Melee chars always use a shield: true
     0 | D:1      | 0 ||| qw: God list: Okawaru
     0 | D:1      | 0 ||| qw: Allow faded altars: false
     0 | D:1      | 0 ||| qw: Do Orc after clearing Dungeon:15 true
     0 | D:1      | 0 ||| qw: Do second Lair branch before Depths: true
     0 | D:1      | 0 ||| qw: Lair rune preference: random
     0 | D:1      | 0 ||| qw: Goals: Normal
     0 | D:1      | 0 ||| PLANNING D:1-11
    39 | D:1      | Reached skill level 3 in Dodging
    82 | D:1      | Reached XP level 2. HP: 14/14 MP: 3/3
   623 | D:1      | 623 ||| READING scroll labelled ITUSILIPUG.
   623 | D:1      | 623 ||| ENCHANTING +0 shortbow.
   624 | D:1      | 624 ||| READING scroll labelled NOTWUH QOA.
   628 | D:1      | 628 ||| READING scroll labelled FAORU QEKHIQ.
   629 | D:1      | 629 ||| READING scroll labelled MUFEPN XUNE.
   630 | D:1      | 630 ||| READING scroll labelled TOSICA LULYJEAPP.
   631 | D:1      | 631 ||| READING scroll labelled ROACA XEIGI.
   732 | D:1      | 732 ||| DROPPING scroll of butterflies.
   767 | D:2      | Reached XP level 3. HP: 18/18 MP: 4/4
  1226 | D:2      | 1226 ||| UPGRADING to amulet of faith.
  1231 | D:2      | 1231 ||| READING 4 scrolls labelled NIEFRO KUCIT.
  1232 | D:2      | 1232 ||| READING 2 scrolls labelled ARON SISCHOASS.
  1232 | D:2      | 1232 ||| IDENTIFYING puce potion
  1233 | D:2      | 1233 ||| READING scroll of identify.
  1233 | D:2      | 1233 ||| IDENTIFYING metallic white potion
  1234 | D:2      | 1234 ||| DRINKING 2 metallic orange potions.
  1235 | D:2      | 1235 ||| DRINKING 4 golden potions.
  1236 | D:2      | 1236 ||| DRINKING 2 brown potions.
  1237 | D:2      | 1237 ||| DROPPING 3 scrolls of poison.
  1238 | D:2      | 1238 ||| DROPPING 3 potions of attraction.
  1240 | D:2      | 1240 ||| Stepping ~*~*~tactically~*~*~ (cloud).
  1242 | D:2      | HP: 2/18 [poisoned by you (poison gas)]
  1243 | D:2      | Succumbed to their own poison gas

Levels and vault maps discovered:
D:1:      dpeg_arrival_boxes_within_box, layout_basic, minmay_strange_pillars,
          roderic_serpentine_path, chequers_serial_rivers_micro_e, st_stairs_7
D:2:      layout_loops_cross, serial_undead, serial_undead_b, serial_undead_c,
          serial_undead_b, serial_undead_c

Skill      XL: |  1  2 |
---------------+-------+-----
Dodging        | 3 4 |  4.0
Fighting       | |  1.5
Ranged Weapons | |  4.8
Stealth        | |  1.5

Action                     || total
---------------------------++-------
   Fire: Shortbow          ||   105
    Use: Scroll            ||     9
         Potion            ||     3
 Armour: Robe              ||     6
  Dodge: Dodged            ||    41

Table legend:
 A = Non-vault XP
 B = Vault XP
 C = Vault XP percentage of total XP
 D = Non-vault monster count
 E = Vault monster count
 F = Vault count percentage of total count
                 A         B        C        D         E       F
            +---------+---------+-------+---------+---------+-------
      Total |      63 |       6 |   8.7 |      33 |       3 |   8.3
            +---------+---------+-------+---------+---------+-------
        D:1 |      33 |       4 |  10.8 |      22 |       2 |   8.3
        D:2 |      30 |       2 |   6.2 |      11 |       1 |   8.3
            +---------+---------+-------+---------+---------+-------
